Map: Orbital Shipyard

Players

Monty

  • Race: Protoss Protoss
  • League: Master

fOtroS (SortOf) - Winner!

  • Race: Zerg Zerg
  • League: Master

Event: Lycan League Weekly August #2

VOD

Have the link to the VOD?

Description

Time

  • Played on: Aug. 10, 2015, 12:42 p.m.
  • Length: 22:10

All games in this series

Show
View Real Time Build Order
Export as new Build Order

Monty Protoss 

Build Orders: Nexus First 

Get SALT Encoding   

  12  0:02  Probe  
  13  0:15  Pylon  
  13  0:17  Probe  
  14  0:33  Probe (Chrono Boost)  
  16  0:43  Probe (Chrono Boost)  
  16  0:50  Probe  
  17  1:02  Probe  
  18  1:04  Nexus  
  18  1:13  Gateway  
  18  1:16  Probe (Chrono Boost)  
  19  1:28  Probe (Chrono Boost)  
  19  1:31  Pylon  
  20  1:37  Probe (Chrono Boost)  
  21  1:45  Probe (Chrono Boost)  
  22  1:50  Assimilator  
  22  1:52  Assimilator  
  22  1:55  Forge  
  22  1:57  Probe (Chrono Boost)  
  23  2:03  Pylon  
  23  2:06  Probe  
  24  2:28  Photon Cannon  
  24  2:30  Photon Cannon  
  24  2:35  Photon Cannon  
  24  2:49  Probe  
  24  2:51  Zealot (Chrono Boost)  
  27  2:57  Cybernetics Core  
  27  3:01  Probe (Chrono Boost)  
  28  3:08  Probe (Chrono Boost)  
  28  3:10  Probe (Chrono Boost)  
  29  3:15  Probe (Chrono Boost)  
  29  3:18  Probe (Chrono Boost), Zealot (Chrono Boost)  
  33  3:26  Probe (Chrono Boost)  
  34  3:30  Probe (Chrono Boost)  
  36  3:35  Probe (Chrono Boost)  
  36  3:41  Sentry  
  39  3:43  Mothership Core (Chrono Boost)  
  39  3:45  Photon Cannon  
  39  3:47  Pylon  
  40  3:50  Photon Cannon  
  40  3:52  Photon Cannon  
  40  3:56  Probe (Chrono Boost)  
  40  4:01  Warp Gate  
  42  4:03  Probe (Chrono Boost)  
  42  4:06  Probe (Chrono Boost)  
  44  4:10  Probe (Chrono Boost)  
  44  4:14  Photon Cannon  
  44  4:17  Pylon  
  44  4:22  Probe (Chrono Boost)  
  46  4:25  Probe (Chrono Boost)  
  46  4:30  Assimilator  
  46  4:33  Probe (Chrono Boost)  
  46  4:35  Probe (Chrono Boost)  
  46  4:36  Assimilator  
  48  4:45  Probe x2 (Chrono Boost)  
  50  4:52  Stargate  
  50  4:54  Photon Cannon  
  50  4:55  Probe (Chrono Boost), Stargate  
  50  4:57  Pylon  
  50  4:58  Probe (Chrono Boost)  
  52  5:02  Probe (Chrono Boost)  
  52  5:06  Probe (Chrono Boost)  
  55  5:14  Probe (Chrono Boost)  
  55  5:18  Probe (Chrono Boost)  
  55  5:21  Pylon  
  56  5:23  Probe (Chrono Boost)  
  55  5:36  Gateway  
  55  5:37  Gateway  
  55  5:38  Phoenix (Chrono Boost)  
  55  5:41  Gateway  
  59  5:44  Gateway  
  59  5:47  Phoenix (Chrono Boost)  
  59  5:53  Probe  
  59  5:56  Phoenix (Chrono Boost)  
  62  6:06  Sentry  
  62  6:07  Phoenix (Chrono Boost)  
  64  6:14  Phoenix (Chrono Boost)  
  64  6:15  Pylon  
  64  6:16  Probe x2  
  68  6:27  Pylon  
  68  6:28  Probe, Pylon  
  68  6:29  Pylon  
  68  6:31  Pylon  
  71  6:33  Phoenix x2 (Chrono Boost)  
  73  6:45  Probe  
  74  6:49  Adept x4  
  74  6:50  Adept, Pylon  
  84  7:00  Phoenix x2 (Chrono Boost)  
  88  7:11  Adept  
  88  7:12  Adept x2  
  88  7:13  Adept x2  
  98  7:20  Pylon, Phoenix (Chrono Boost)  
  100  7:46  Adept x5  
  110  7:54  Phoenix x2 (Chrono Boost)  
  110  7:56  Protoss Air Weapons Level 1 (Chrono Boost)  
  114  8:00  Twilight Council  
  114  8:15  Nexus  
  114  8:16  Pylon  
  114  8:24  Sentry  
  116  8:30  Pylon  
  116  8:32  Pylon  
  116  8:34  Pylon  
  116  8:38  Protoss Ground Weapons Level 1 (Chrono Boost)  
  116  8:54  Probe  
  116  8:55  Probe, Robotics Facility  
  118  8:56  Photon Cannon  
  118  9:03  Fleet Beacon  
  118  9:07  Probe, Assimilator  
  118  9:08  Assimilator  
  119  9:10  Shield Upgrade (Chrono Boost)  
  119  9:17  Adept x3  
  119  9:23  Probe  
  122  9:39  Carrier x2 (Chrono Boost)  
  122  9:56  Pylon  
  122  10:02  Graviton Catapult (Chrono Boost)  
  134  10:09  Adept x3, Photon Cannon  
  134  10:10  Adept x2  
  144  10:14  Pylon  
  144  10:15  Pylon  
  144  10:36  Carrier x2 (Chrono Boost)  
  156  11:06  Pylon  
  156  11:08  Observer (Chrono Boost), Assimilator  
  157  11:14  Assimilator  
  157  11:17  Pylon  
  157  11:23  Observer (Chrono Boost)  
  158  11:27  Photon Cannon  
  158  11:29  Protoss Ground Weapons Level 2 (Chrono Boost)  
  158  11:31  Probe, Anion Pulse-Crystals (Chrono Boost)  
  159  11:36  Carrier (Chrono Boost)  
  159  11:39  Adept  
  161  11:40  Adept x4  
  161  11:41  Pylon  
  161  11:42  Probe  
  176  11:48  Carrier (Chrono Boost)  
  176  11:49  Pylon  
  175  11:58  Templar Archives  
  181  12:21  Probe  
  182  12:23  Nexus  
  182  12:27  Carrier (Chrono Boost)  
  184  13:06  Photon Cannon  
  184  13:07  Pylon  
  178  13:29  Protoss Air Weapons Level 2  
  178  13:33  Pylon  
  178  13:34  Pylon  
  178  13:36  Pylon  
  178  13:37  Pylon  
  178  13:38  Pylon  
  178  13:39  Pylon  
  190  13:58  Stargate  
  190  14:06  Probe  
  190  14:07  Probe x2  
  190  14:09  Photon Cannon  
  193  14:13  Gateway x2  
  193  14:15  Probe  
  192  14:18  Probe  
  192  14:19  Probe  
  192  14:21  High Templar x3  
  200  14:30  Psionic Storm  
  188  14:33  Protoss Ground Weapons Level 3 (Chrono Boost)  
  188  14:35  High Templar x2  
  192  14:47  Carrier x2 (Chrono Boost)  
  192  14:48  Carrier (Chrono Boost)  
  194  15:26  Observer (Chrono Boost), Pylon  
  195  15:31  Pylon  
  195  15:33  Pylon, High Templar x2  
  195  15:35  Probe  
  200  15:40  Gateway  
  200  15:42  Gateway x2  
  200  15:45  Pylon  
  200  15:51  Protoss Air Weapons Level 3  
  200  15:57  Probe  
  200  16:03  Dark Shrine  
  199  16:04  Pylon  
  199  16:07  Observer (Chrono Boost)  
  193  16:36  Adept x3  
  193  16:38  Probe  
  190  16:48  Observer (Chrono Boost)  
  190  17:13  Probe  
  190  17:33  Nexus  
  190  17:34  Pylon  
  99  20:46  Observer (Chrono Boost)  
  99  21:00  Observer (Chrono Boost)  
  92  21:25  Observer  
  92  21:46  Observer  
Show
View Real Time Build Order
Export as new Build Order

fOtroS Zerg - Winner!

Build Orders: 3 Hatch before Pool, Lurkers 

Get SALT Encoding   

  12  0:01  Drone  
  13  0:14  Overlord  
  13  0:16  Drone  
  14  0:32  Drone x2  
  16  0:36  Drone  
  17  0:46  Drone  
  18  0:55  Hatchery  
  17  0:59  Drone  
  18  1:10  Drone  
  19  1:22  Hatchery  
  18  1:29  Drone  
  19  1:41  Spawning Pool  
  19  1:42  Drone  
  19  1:45  Drone  
  19  1:46  Extractor  
  19  1:57  Drone  
  20  2:04  Drone  
  21  2:11  Drone  
  22  2:17  Drone  
  23  2:25  Overlord  
  23  2:26  Drone  
  24  2:39  Drone x2  
  24  2:40  Drone x2  
  28  2:45  Zergling x2  
  28  2:47  Zergling x2  
  30  2:56  Hatchery  
  30  2:57  Queen  
  31  3:11  Drone x2  
  31  3:12  Drone x3  
  34  3:13  Queen  
  34  3:19  Zergling x4  
  38  3:20  Zergling x2  
  38  3:25  Overlord  
  39  3:30  Metabolic Boost  
  36  3:48  Queen  
  36  3:49  Queen  
  36  3:52  Zergling x6  
  42  3:56  Overlord  
  42  4:02  Spine Crawler  
  41  4:05  Zergling x6  
  43  4:10  Roach Warren  
  43  4:11  Drone  
  43  4:14  Queen  
  45  4:22  Overlord  
  45  4:28  Drone x3  
  45  4:29  Drone x4  
  45  4:31  Drone x3  
  54  4:32  Drone  
  54  4:35  Overlord  
  56  4:45  Drone  
  57  4:50  Roach x3  
  57  4:52  Drone  
  64  4:55  Roach  
  64  4:57  Extractor  
  64  4:59  Extractor  
  64  5:00  Roach x3  
  64  5:02  Drone x3  
  64  5:03  Extractor  
  64  5:04  Drone  
  73  5:08  Evolution Chamber  
  73  5:10  Zergling x2  
  73  5:15  Overlord  
  73  5:20  Overlord  
  73  5:35  Drone x5  
  76  5:37  Ravager x2  
  76  5:40  Drone x4  
  76  5:41  Drone  
  76  5:42  Drone x2  
  86  5:44  Zergling x2  
  86  5:51  Lair  
  86  5:59  Ravager  
  86  6:00  Drone x2  
  86  6:03  Overlord x5  
  86  6:04  Spore Crawler  
  88  6:06  Spore Crawler  
  88  6:07  Spore Crawler  
  88  6:08  Zerg Missile Weapons Level 1  
  84  6:27  Drone  
  84  6:28  Drone  
  86  6:33  Spore Crawler  
  86  6:36  Drone  
  86  6:37  Drone x9  
  95  6:51  Glial Reconstitution  
  95  6:52  Hatchery  
  95  6:53  Hydralisk Den  
  93  6:57  Overlord  
  93  7:06  Overlord x2  
  93  7:07  Drone  
  94  7:09  Drone x2  
  94  7:10  Drone x5  
  94  7:12  Extractor x2  
  94  7:14  Overlord  
  99  7:24  Hydralisk  
  99  7:25  Hydralisk x11  
  116  7:38  Hydralisk x4  
  120  7:44  Lurker Den  
  120  7:47  Hydralisk x2  
  121  7:55  Drone  
  121  7:56  Drone x5  
  127  8:06  Overlord x2  
  126  8:13  Overlord  
  126  8:14  Drone x3  
  126  8:19  Overlord  
  129  8:20  Spore Crawler  
  129  8:22  Overlord  
  130  8:27  Roach x4  
  136  8:35  Drone  
  136  8:36  Drone x2, Pneumatized Carapace  
  136  8:38  Burrow, Extractor  
  136  8:39  Drone x3  
  141  8:44  Drone x2  
  141  8:48  Drone x3  
  142  8:54  Zerg Missile Weapons Level 2  
  141  8:57  Drone  
  141  9:01  Extractor  
  141  9:02  Hydralisk  
  141  9:03  Hydralisk x3  
  141  9:08  Overlord  
  149  9:11  Drone  
  149  9:12  Drone  
  145  9:29  Lurker x2  
  145  9:30  Hatchery  
  146  9:33  Overseer  
  146  9:36  Hydralisk  
  146  9:37  Hydralisk x3  
  146  9:38  Spore Crawler, Zergling x2  
  146  9:47  Hydralisk x5  
  146  9:50  Zergling x4  
  158  9:57  Zergling x2  
  159  10:03  Lurker  
  160  10:13  Drone x2  
  162  10:19  Spore Crawler, Overlord x2  
  162  10:20  Spore Crawler x2, Infestation Pit  
  162  10:21  Evolution Chamber, Zergling x4  
  159  10:32  Drone x8  
  159  10:35  Lurker x4  
  170  10:37  Overlord  
  170  10:38  Overlord x5  
  170  10:40  Zergling x2  
  170  10:41  Zergling x2  
  172  10:46  Overlord x3  
  169  10:50  Overlord  
  168  11:09  Hive, Zerg Ground Armor Level 1  
  168  11:10  Zerg Melee Weapons Level 1  
  167  11:12  Drone  
  167  11:13  Drone x5  
  167  11:15  Spore Crawler, Extractor x2  
  170  11:18  Spore Crawler  
  170  11:21  Spore Crawler, Muscular Augments  
  170  11:25  Hydralisk x2  
  168  11:34  Drone x3  
  168  11:35  Drone x2  
  172  11:50  Overlord  
  172  11:52  Zergling x2  
  172  11:53  Zergling x22  
  184  12:06  Hydralisk  
  184  12:07  Hydralisk x2  
  187  12:18  Spore Crawler  
  187  12:20  Spine Crawler  
  182  12:25  Zergling x2  
  182  12:26  Zergling x14  
  188  12:31  Adrenal Glands  
  179  12:38  Hatchery, Drone  
  179  12:39  Drone x3  
  179  12:41  Drone x3  
  185  12:44  Infestor  
  185  12:47  Drone x2  
  185  12:48  Ultralisk Cavern  
  184  12:55  Hydralisk  
  184  12:56  Hydralisk x2  
  188  13:04  Overlord  
  159  13:14  Hydralisk x5  
  159  13:18  Drone x3  
  159  13:19  Drone  
  170  13:24  Drone x4  
  166  13:30  Lurker x4  
  167  13:36  Pathogen Glands  
  167  13:37  Drone x2  
  167  13:38  Drone  
  167  13:41  Drone x2  
  172  13:43  Drone  
  172  13:46  Infestor  
  175  13:52  Drone x5  
  176  14:03  Drone x2  
  176  14:04  Drone x2, Spore Crawler  
  176  14:05  Drone x4  
  176  14:07  Infestor  
  183  14:13  Drone x4  
  187  14:18  Drone x2  
  187  14:19  Drone x2  
  187  14:23  Spore Crawler  
  190  14:24  Spore Crawler  
  190  14:27  Zerg Ground Armor Level 2  
  190  14:29  Zerg Missile Weapons Level 3  
  184  14:33  Drone x2  
  185  14:39  Spore Crawler  
  185  14:42  Hatchery  
  183  14:47  Infestor x2  
  183  14:48  Infestor  
  183  14:50  Viper  
  183  14:51  Viper  
  192  14:57  Drone x4  
  192  14:58  Drone  
  195  15:04  Drone x4  
  199  15:14  Drone  
  200  15:32  Overlord  
  200  15:41  Spire  
  199  15:47  Spore Crawler x2  
  199  15:48  Spore Crawler  
  199  15:49  Spore Crawler x2  
  194  16:00  Viper x2  
  199  16:04  Spore Crawler  
  199  16:05  Hatchery, Spore Crawler  
  196  16:14  Drone x2  
  198  16:23  Spore Crawler  
  198  16:25  Spore Crawler x2  
  188  16:26  Spore Crawler  
  188  16:28  Hydralisk x8  
  188  16:29  Hydralisk  
  188  16:30  Spore Crawler  
  198  16:36  Spore Crawler x2  
  198  16:38  Spore Crawler  
  195  16:40  Spore Crawler  
  195  16:42  Spore Crawler  
  195  16:43  Spore Crawler  
  195  16:46  Drone x7  
  199  16:49  Zerg Ground Armor Level 3  
  199  17:06  Zerg Melee Weapons Level 2  
  199  17:19  Spore Crawler x3  
  196  17:26  Overlord  
  196  17:28  Overlord  
  178  17:31  Viper x2  
  178  17:32  Viper  
  178  17:33  Spore Crawler, Drone  
  178  17:34  Drone x6  
  178  17:35  Drone x2  
  195  17:40  Lurker  
  195  17:41  Lurker x2  
  180  17:51  Hydralisk x8  
  180  17:52  Hydralisk x2  
  180  17:54  Drone x2  
  180  17:56  Extractor x2  
  198  18:04  Spore Crawler  
  198  18:05  Spore Crawler x4  
  194  18:06  Spore Crawler  
  194  18:09  Drone x2  
  194  18:10  Drone x6  
  200  18:19  Spore Crawler  
  199  18:22  Drone  
  194  18:44  Hydralisk x17  
  194  18:47  Hydralisk x4  
  189  18:57  Hydralisk  
  189  18:58  Hydralisk  
  189  19:02  Spore Crawler x2  
  183  19:03  Spore Crawler x3  
  183  19:08  Hydralisk x2  
  158  19:17  Hydralisk  
  158  19:18  Spore Crawler x2, Hydralisk  
  158  19:20  Spore Crawler  
  158  19:21  Spore Crawler  
  158  19:22  Spine Crawler  
  158  19:23  Drone x4  
  158  19:24  Drone x2, Zergling x2  
  163  19:25  Zergling x22  
  163  19:29  Spore Crawler  
  169  19:36  Spore Crawler  
  169  19:37  Spore Crawler  
  162  19:50  Viper  
  162  19:51  Hydralisk x5  
  162  19:52  Hydralisk  
  176  20:05  Overseer  
  172  20:08  Drone x3  
  175  20:19  Hydralisk  
  175  20:20  Hydralisk x7  
  191  20:23  Hatchery  
  188  20:30  Hydralisk x3  
  190  20:38  Spore Crawler x2, Drone x10  
  190  20:42  Drone x5  
  193  20:44  Spore Crawler  
  193  20:46  Spore Crawler x2  
  193  20:48  Spore Crawler  
  189  20:57  Infestor x2  
  189  21:02  Hatchery  
  185  21:19  Lurker x3  
  186  21:28  Viper  
  189  21:42  Hydralisk x4  
  189  21:43  Hydralisk  

Tags
 
Add a new tag
Caveats
  • Supply blocks, unpowered buildings, or Contaminate may cause inaccurate times.
  • Supply counts are checked every 10 seconds.